 Dungeon Crawl Stone Soup version 0.29-a0-294-g83ea962da3 (webtiles) character file.

Game seed: 16748909270325188119

51 epen the Caller (level 3, 0/26 HPs)
             Began as a Gnoll Summoner on Mar 18, 2022.
             Succumbed to Crazy Yiuf's poison
             ... on level 2 of the Dungeon.
             The game lasted 00:02:35 (2896 turns).

epen the Caller (Gnoll Summoner)                    Turns: 2896, Time: 00:02:36

Health: 0/26       AC:  3    Str: 13    XL:     3   Next: 83%
Magic:  5/9        EV: 13    Int: 14    God:
Gold:   135        SH:  0    Dex: 14    Spells: 9/12 levels left

rFire   . . .      SeeInvis .   e - +0 dagger
rCold   . . .      Faith    .   (no shield)
rNeg    . . .      Spirit   .   a - +0 robe
rPois   .          Reflect  .   (no helmet)
rElec   .          Harm     .   (no cloak)
rCorr   .          Rampage  .   (no gloves)
Will    .....                   n - +0 pair of boots
Stlth   +++.......              (no amulet)
HPRegen 0.08/turn               c - +6 ring of strength
MPRegen 0.11/turn               (no ring)

@: lethally poisoned (0 -> -15)
A: fangs 1, strong nose, distributed training
a: no special abilities


You were on level 2 of the Dungeon.
You visited 1 branch of the dungeon, and saw 2 of its levels.

You collected 135 gold pieces.

Inventory:

Hand Weapons
 e - a +0 dagger (weapon)
Armour
 a - a +0 robe (worn)
 n - a +0 pair of boots (worn)
Jewellery
 c - a +6 ring of strength (left hand)
 i - an amulet of regeneration
 l - a +4 ring of evasion
Scrolls
 h - 2 scrolls of teleportation {unknown}
 j - a scroll of identify {unknown}
 k - 2 scrolls of noise {unknown}
Potions
 b - a potion of magic
 d - 2 potions of degeneration {unknown}
 f - 2 potions of flight {unknown}
 g - 2 potions of curing {unknown}
 m - a potion of resistance {unknown}


   Skills:
 + Level 1.0 Fighting
 + Level 1.0 Short Blades
 + Level 1.0 Long Blades
 + Level 1.0 Axes
 + Level 1.0 Maces & Flails
 + Level 1.0 Polearms
 + Level 1.0 Staves
 + Level 1.0 Slings
 + Level 1.0 Bows
 + Level 1.0 Crossbows
 + Level 1.0 Throwing
 + Level 1.0 Armour
 + Level 4.6 Dodging
 + Level 4.2 Stealth
 + Level 1.0 Shields
 + Level 1.0 Unarmed Combat
 + Level 5.0 Spellcasting
 + Level 0.7 Conjurations
 + Level 0.7 Hexes
 + Level 7.1 Summonings
 + Level 0.7 Necromancy
 + Level 0.7 Translocations
 + Level 0.7 Transmutations
 + Level 0.7 Fire Magic
 + Level 0.7 Ice Magic
 + Level 0.7 Air Magic
 + Level 0.7 Earth Magic
 + Level 0.7 Poison Magic
 + Level 1.0 Invocations
 + Level 1.0 Evocations


You had 9 spell levels left.
You knew the following spells:

 Your Spells              Type           Power      Damage    Failure   Level
a - Summon Small Mammal   Summ           92%        N/A       1%          1
b - Call Imp              Summ           23%        N/A       1%          2

Your spell library contained the following spells:

 Spells                   Type           Power      Damage    Failure   Level
 Call Canine Familiar     Summ           23%        N/A       2%          3
 Summon Guardian Golem    Hex/Summ       14%        N/A       11%         3
 Beastly Appendage        Tmut           10%        N/A       13%         1
 Static Discharge         Conj/Air       5%         N/A       21%         2
 Wereblood                Tmut           5%         N/A       21%         2
 Summon Lightning Spire   Summ/Air       14%        N/A       34%         4
 Spider Form              Tmut/Pois      5%         N/A       36%         3
 Lightning Bolt           Conj/Air       2%         1d14      98%         5
 Maxwell's Capacitive Co  Air            2%         ∞         100%        8


Dungeon Overview and Level Annotations

Branches:
Dungeon (2/15)

Altars:

Annotations:
D:2 Crazy Yiuf


Innate Abilities, Weirdness & Mutations

You have very sharp teeth.
Your uncanny sense of smell can sniff out nearby items.
Your experience applies equally to all skills.


Message History

Your crimson imp completely misses Crazy Yiuf.
Crazy Yiuf is nearby!
Crazy Yiuf closely misses your crimson imp.
Your crimson imp blinks!
Your bat hits Crazy Yiuf but does no damage. x2
Your crimson imp blinks!
Casting: Summon Small Mammal (safe; 1% risk of failure)
Confirm with . or Enter, or press ? or * to list all spells.
A beastly little devil appears in a puff of frigid air.
Your crimson imp disappears in a puff of smoke!
Your bat hits Crazy Yiuf but does no damage.
Your bat closely misses Crazy Yiuf.
Crazy Yiuf zaps a wand.
The puff of flame misses you.
You hit Crazy Yiuf but do no damage.
Crazy Yiuf is lightly wounded.
Your bat closely misses Crazy Yiuf.
Your bat hits Crazy Yiuf but does no damage.
Crazy Yiuf misses you.
You hit Crazy Yiuf but do no damage.
Crazy Yiuf is lightly wounded.
Crazy Yiuf misses you.
Your bat closely misses Crazy Yiuf.
Your bat hits Crazy Yiuf but does no damage.
You hit Crazy Yiuf.
Crazy Yiuf is moderately wounded.
Your bat barely misses Crazy Yiuf.
Your bat hits Crazy Yiuf but does no damage.
Crazy Yiuf misses you.
You hit Crazy Yiuf but do no damage. Your bite misses Crazy Yiuf.
Crazy Yiuf is moderately wounded.
Your white imp hits Crazy Yiuf but does no damage.
Crazy Yiuf cries, "Goldfish down poople!"
Crazy Yiuf zaps a wand.
The puff of flame hits you.
Your bat misses Crazy Yiuf. You hit Crazy Yiuf.
Crazy Yiuf is heavily wounded.
Your bat barely misses Crazy Yiuf.
Your white imp misses Crazy Yiuf.
Crazy Yiuf hits you with a +4 quarterstaff of chaos!
* * * LOW HITPOINT WARNING * * *
You are lethally poisoned!
Your bat hits Crazy Yiuf but does no damage.
You die...

##........# ...
#........####
#.......#.# #g#
#........##..
#.#.###.#.# ♣5♣♣
#............
....###.#.# ♣♣.♣
#........##.#
#.........# ♣.♣♣
#........##.#
#....##.#.# ♣♣.♣
#........##.#
........#.#
♣♣g♣♣
#..#.######..
........###
♣♣b.5♣ #..#.#
### .......##
♣..@.♣ #.##.#
##...### #.b..#
#....# #...#
#####....#
#.#### ##.##
#.......## #.#
#.######.......#
#.##
#.>............#
#..##
#.#####........#
##.#.##
#.#####........#
#.###.#
#....##........#
##.#.##


You could see Crazy Yiuf (ally target), a friendly white imp (summoned) and 2
friendly bats.

Vanquished Creatures
  3 endoplasms (D:1)
  4 giant cockroaches
  3 goblins
  2 hobgoblins
  4 jackals
  A quokka (D:1)
  3 ball pythons
  4 bats (D:1)
  3 frilled lizards
  4 kobolds
  8 rats
39 creatures vanquished.

Vanquished Creatures (collateral kills)
  2 goblins
  2 hobgoblins (D:1)
  A jackal (D:1)
  A quokka (D:2)
  A bat (D:2)
  A kobold (D:1)
8 creatures vanquished.

Grand Total: 47 creatures vanquished

Notes
Turn   | Place    | Note
-------+----------+-------------------------------------------
     0 | D:1      | epen the Gnoll Summoner began the quest for the Orb.
     0 | D:1      | Reached XP level 1. HP: 13/13 MP: 6/6
   302 | D:1      | Reached XP level 2. HP: 11/19 MP: 7/7
   776 | D:1      | Found a faded altar of an unknown god.
  1076 | D:1      | Learned a level 2 spell: Call Imp
  1381 | D:1      | Reached XP level 3. HP: 25/25 MP: 9/9
  1494 | D:1      | Reached skill level 5 in Spellcasting
  2054 | D:2      | Reached skill level 1 in Invocations
  2617 | D:2      | Reached skill level 1 in Fighting
  2617 | D:2      | Reached skill level 1 in Short Blades
  2617 | D:2      | Reached skill level 1 in Long Blades
  2617 | D:2      | Reached skill level 1 in Axes
  2617 | D:2      | Reached skill level 1 in Maces & Flails
  2617 | D:2      | Reached skill level 1 in Polearms
  2617 | D:2      | Reached skill level 1 in Staves
  2617 | D:2      | Reached skill level 1 in Slings
  2617 | D:2      | Reached skill level 1 in Bows
  2617 | D:2      | Reached skill level 1 in Crossbows
  2617 | D:2      | Reached skill level 1 in Throwing
  2617 | D:2      | Reached skill level 1 in Armour
  2617 | D:2      | Reached skill level 1 in Shields
  2617 | D:2      | Reached skill level 1 in Unarmed Combat
  2617 | D:2      | Reached skill level 1 in Evocations
  2660 | D:2      | Found a runed translucent door.
  2661 | D:2      | Noticed Crazy Yiuf
  2896 | D:2      | Succumbed to Crazy Yiuf's poison

Illustrated notes

Levels and vault maps discovered:
D:1:      dpeg_arrival_morbid_curiosity, layout_loops_ring,
          chequers_ecumenical_altar_simple_redux
D:2:      layout_loops_cross, uniq_crazy_yiuf_cottage

Skill      XL: |  1  2  3 |
---------------+----------+-----
Spellcasting   | 5 |  5.0
Invocations    | 1 |  1.0
Fighting       | 1 |  1.0
Short Blades   | 1 |  1.0
Long Blades    | 1 |  1.0
Axes           | 1 |  1.0
Maces & Flails | 1 |  1.0
Polearms       | 1 |  1.0
Staves         | 1 |  1.0
Slings         | 1 |  1.0
Bows           | 1 |  1.0
Crossbows      | 1 |  1.0
Throwing       | 1 |  1.0
Armour         | 1 |  1.0
Shields        | 1 |  1.0
Unarmed Combat | 1 |  1.0
Evocations     | 1 |  1.0
Dodging        | |  4.6
Stealth        | |  4.2
Conjurations   | |  0.7
Hexes          | |  0.7
Summonings     | |  7.1
Necromancy     | |  0.7
Translocations | |  0.7
Transmutations | |  0.7
Fire Magic     | |  0.7
Ice Magic      | |  0.7
Air Magic      | |  0.7
Earth Magic    | |  0.7
Poison Magic   | |  0.7

Action                   || total
-------------------------++-------
Melee: Unarmed           ||    82
       Bite              ||     9
       Dagger            ||    80
       Punch             ||     2
 Cast: Summon Small Mamm ||    13
       Call Imp          ||     7
 Stab: Sleeping          ||    16
Armor: Robe              ||    36
Dodge: Dodged            ||   167

Table legend: (Time is in decaauts)
 A = Elapsed time spent in this place.
 B = Non-inter-level travel time spent in this place.
 C = Inter-level travel time spent in this place.
 D = Time resting spent in this place.
 E = Time spent auto-exploring this place.
 F = Levels seen in this place.
 G = Mean time per level.
                   A        B        C        D        E       F      G
               +--------+--------+--------+--------+--------+-----+--------+
         Total |   2892 |   2858 |     34 |    491 |   1942 |   2 | 1446.0 |
       Dungeon |   2892 |   2858 |     34 |    491 |   1942 |   2 | 1446.0 |
               +--------+--------+--------+--------+--------+-----+--------+

Top non-repeatable levels by time:
     D:1: 1858 daAuts
     D:2: 1033 daAuts
